 Dungeon Crawl Stone Soup version 0.28-a0-863-g8cecda6153 (webtiles) character file.

Game seed: 3184322950172497747

46 bande the Covered (level 3, 0/24 HPs)
             Began as a Gargoyle Fighter on Nov 18, 2021.
             Slain by Terence (3 damage)
             ... on level 2 of the Dungeon.
             The game lasted 00:02:26 (1439 turns).

bande the Covered (Gargoyle Fighter)                Turns: 1439, Time: 00:02:26

Health: 0/24       AC: 11    Str: 20    XL:     3   Next: 68%
Magic:  3/3        EV:  9    Int:  8    God:
Gold:   23         SH:  4    Dex:  9    Spells: 2/2 levels left

rFire   . . .      SeeInvis .   k - +2 hand axe (elec)
rCold   . . .      Faith    .   c - +0 buckler
rNeg    + . .      Spirit   .   b - +0 scale mail
rPois   ∞          Reflect  .   (no helmet)
rElec   +          Harm     .   (no cloak)
rCorr   .          Rampage  .   (no gloves)
Will    .....                   e - +0 pair of boots
Stlth   ..........              (no amulet)
HPRegen 0.08/turn               (no ring)
MPRegen 0.08/turn               (no ring)

@: no status effects
A: sickness immunity, AC +3, negative energy resistance 1, electricity
resistance, torment resistance 1, petrification resistance
a: no special abilities


You were on level 2 of the Dungeon.
You visited 1 branch of the dungeon, and saw 2 of its levels.

You collected 23 gold pieces.

Inventory:

Hand Weapons
 a - a +0 war axe
 k - a +2 hand axe of electrocution (weapon)
Armour
 b - a +0 scale mail (worn)
 c - a +0 buckler (worn)
 e - a +0 pair of boots (worn)
Scrolls
 m - a scroll of summoning
Potions
 d - a potion of might
 f - 2 potions of ambrosia {unknown}
 g - a potion of attraction {unknown}
 j - 2 potions of brilliance {unknown}
 l - a potion of curing {unknown}


   Skills:
 + Level 3.6 Fighting
 + Level 2.5 Axes
 + Level 3.8 Armour
 - Level 0.1 Dodging
 + Level 3.6 Shields


You had 2 spell levels left.
You didn't know any spells.
Your spell library was empty.

Dungeon Overview and Level Annotations

Branches:
Dungeon (2/15)

Altars:

Shops:
D:1 !

Annotations:
D:2 Terence


Innate Abilities, Weirdness & Mutations

You are immune to sickness and miasma.
Your stone body is resilient. (AC +3)
You are immune to poison.
You resist negative energy. (rN+)
You are resistant to electric shocks. (rElec)
You are resistant to unholy torment.
You are immune to petrification.


Message History

A giant cockroach zombie comes into view.
The ball python bites you but does no damage.
The ball python grabs you. The ball python constricts you.
You escape the ball python's grasp.
You swap places.
Terence hits your goblin with a +0 hand axe.
The ball python barely misses your goblin. x2
The adder closely misses your goblin.
Your goblin barely misses Terence.
You swap places.
The adder hisses angrily.
Terence hits you with a +0 hand axe. The ball python bites you.
The ball python barely misses you. The adder bites you but does no damage.
Unknown command.
You barely miss Terence.
Terence is lightly wounded.
You closely miss the ball python. You hit the adder. Terence barely misses you.
The adder bites you but does no damage. You block the ball python's attack.
The ball python grabs you. The ball python constricts you.
Terence hits you with a +0 hand axe.
You closely miss Terence.
Terence is lightly wounded.
You closely miss the adder. You hit the ball python.
You kill the ball python!
You block the adder's attack. The adder bites you.
The giant cockroach zombie waves its antennae.
Terence hits you but does no damage.
You closely miss Terence.
Terence is lightly wounded.
You hit the adder. The adder bites you. Terence hits you with a +0 hand axe.
* * * LOW HITPOINT WARNING * * *
The adder bites you but does no damage.
Unknown command.
You slash Terence!
Terence is heavily wounded.
You hit the adder. Lightning courses through the adder!
You kill the adder!
You barely miss the adder.
Your bat dissolves into shadows!
Your worm dissolves into shadows!
Your goblin dissolves into shadows!
Terence hits you with a +0 hand axe.
You die...

. ######. .. .......
...####### .......
...#.PP..# ###†......
...§§§..# ###.@@Z..... .
#.§P§.§####...#S......
.. #§.§§......###.......
#..###§§.###............
#.......# #...##.......
####....#...#.# .......
######.......#.# .....).
#..........###.. ..P..≈.
..###.......# #..


You could see Terence, an adder and a giant cockroach zombie.

Vanquished Creatures
  An adder (D:2)
  A dart slug (D:1)
  3 bats (D:1)
  4 endoplasms (D:1)
  4 hobgoblins
  7 jackals (D:1)
  4 kobolds (D:1)
  3 quokkas (D:1)
  4 ball pythons
  3 frilled lizards (D:1)
  A giant cockroach zombie (D:2)
  3 goblins (D:1)
  A quokka zombie (D:2)
  A rat (D:1)
40 creatures vanquished.

Vanquished Creatures (others)
  A withered plant (D:2)
1 creature vanquished.

Grand Total: 41 creatures vanquished

Notes
Turn   | Place    | Note
-------+----------+-------------------------------------------
     0 | D:1      | bande the Gargoyle Fighter began the quest for the Orb.
     0 | D:1      | Reached XP level 1. HP: 14/14 MP: 1/1
   122 | D:1      | Found Mouv's Distillery.
   212 | D:1      | Reached XP level 2. HP: 9/19 MP: 2/2
   719 | D:1      | Reached XP level 3. HP: 18/23 MP: 3/3
  1028 | D:1      | Found a faded altar of an unknown god.
  1431 | D:2      | Noticed Terence
  1439 | D:2      | Slain by Terence

Illustrated notes

Levels and vault maps discovered:
D:1:      elethiomel_arrival_infinity_welcomes_careful_drivers, layout_rooms,
          hellmonk_ecumenical_altar_inner_sanctum, serial_shops, shop
D:2:      minmay_diamond_boxcup, layout_rooms, serial_undead, serial_undead_c,
          serial_undead_b, serial_undead_f, serial_undead_b, serial_undead_f,
          serial_undead_c, serial_undead_b, uniq_terence, uniq_sigmund,
          uniq_jessica

Skill      XL: |  1  2 |
---------------+-------+-----
Axes           | 2 |  2.5
Fighting       | |  3.6
Armour         | |  3.8
Dodging        | |  0.1
Shields        | |  3.6

Action                   || total
-------------------------++-------
Melee: War axe           ||    71
       Hand axe          ||    39
  Use: Scroll            ||     3
Armor: Scale mail        ||    58
Dodge: Dodged            ||    62
Block: Buckler           ||    29

Table legend: (Time is in decaauts)
 A = Elapsed time spent in this place.
 B = Non-inter-level travel time spent in this place.
 C = Inter-level travel time spent in this place.
 D = Time resting spent in this place.
 E = Time spent auto-exploring this place.
 F = Levels seen in this place.
 G = Mean time per level.
                   A        B        C        D        E       F      G
               +--------+--------+--------+--------+--------+-----+--------+
         Total |   1474 |   1474 |      0 |    338 |    791 |   2 |  737.0 |
       Dungeon |   1474 |   1474 |      0 |    338 |    791 |   2 |  737.0 |
               +--------+--------+--------+--------+--------+-----+--------+

Top non-repeatable levels by time:
     D:1: 1428 daAuts
     D:2: 46 daAuts
